 Dungeon Crawl Stone Soup version 0.26.1-11-gd32895ea62 (webtiles) character file.

Game seed: 9405947826673820239

4440 Amplified the Covert (level 10, -8/77 HPs)
             Began as a Vampire Ice Elementalist on July 9, 2021.
             Was a Believer of Makhleb.
             Mangled by a two-headed ogre
             ... wielding a +0 giant club
              (26 damage)
             ... on level 10 of the Dungeon.
             The game lasted 00:18:15 (10259 turns).

Amplified the Covert (Vampire Ice Elementalist)    Turns: 10259, Time: 00:18:15

Health: -8/77      AC:  8    Str:  8      XL:     10   Next: 14%
Magic:  20/20      EV: 13    Int: 20      God:    Makhleb [**....]
Gold:   387        SH:  0    Dex: 15 (19) Spells: 7/23 levels left

rFire    . . .     SeeInvis +   m - +4 dagger (vamp)
rCold    . . .     Faith    .   (no shield)
rNeg     + . .     Spirit   .   i - +1 robe {rN+}
rPois    .         Reflect  .   A - +1 helmet
rElec    .         Harm     .   n - +0 cloak
rCorr    .         Rampage  .   (no gloves)
Will     ++...                  o - +1 pair of boots
Stlth    +++++.....             w - amulet of magic regeneration
HPRegen  0.42/turn              h - ring of willpower
MPRegen  0.42/turn              (no ring)

@: regenerating quickly
A: fangs 3, see invisible, agile 2, unbreathing
a: Exsanguinate, Renounce Religion, Minor Destruction


You were on level 10 of the Dungeon.
You worshipped Makhleb.
Makhleb was pleased with you.
You visited 1 branch of the dungeon, and saw 11 of its levels.

You collected 513 gold pieces.
You spent 126 gold pieces at shops.

Inventory:

Hand Weapons
 m - a +4 vampiric dagger (weapon)
 v - a +0 rapier of freezing
Missiles
 b - 2 javelins
 j - 82 poisoned darts (quivered)
Armour
 i - a +1 robe of positive energy (worn)
 n - a +0 cloak (worn)
 o - a +1 pair of boots (worn)
 A - a +1 helmet (worn)
Jewellery
 h - a ring of willpower (left hand)
 w - an amulet of magic regeneration (around neck)
Wands
 d - a wand of digging (4)
 r - a wand of flame (54)
 t - a wand of enslavement (11)
 y - a wand of polymorph (8)
Scrolls
 c - 4 scrolls of amnesia
 e - a scroll of immolation
 k - 7 scrolls of remove curse
 q - 3 scrolls of teleportation
 s - a scroll of noise
Potions
 a - a potion of curing
 f - a potion of degeneration {unknown}
 g - 3 potions of haste
 l - 3 potions of flight
 u - 4 potions of attraction
 x - a potion of might {unknown}
 z - 2 potions of brilliance {unknown}


   Skills:
 * Level 6.6 Fighting
 - Level 2.1 Dodging
 * Level 11.7 Stealth
 * Level 7.1 Spellcasting
 * Level 2.8 Hexes
 - Level 8.2 Ice Magic


You had 7 spell levels left.
You knew the following spells:

 Your Spells              Type           Power        Failure   Level
a - Freeze                Ice            100%         1%          1
b - Frozen Ramparts       Ice            78%          1%          3
c - Ozocubu's Armour      Ice            39%          1%          3
d - Silence               Hex/Air        6%           82%         5
e - Cause Fear            Hex            9%           28%         4

Your spell library contained the following spells:

 Spells                   Type           Power        Failure   Level
 Beastly Appendage        Tmut           14%          10%         1
 Wereblood                Tmut           7%           14%         2
 Hailstorm                Conj/Ice       23%          17%         4
 Ice Form                 Ice/Tmut       23%          17%         4
 Summon Ice Beast         Ice/Summ       23%          17%         4
 Spider Form              Tmut/Pois      3%           28%         3
 Yara's Violent Unravell  Hex/Tmut       6%           82%         5
 Blade Hands              Tmut           3%           95%         5
 Discord                  Hex            9%           100%        8


Dungeon Overview and Level Annotations

Branches:
Dungeon (11/15)            Temple (0/1) D:5            Lair (0/6) D:8
    Orc: D:9-12

Altars:
Ashenzari
Dithmenos
Elyvilon
Fedhas
Hepliaklqana
Makhleb
Qazlal
Uskayaw
Zin
The Shining One

Shops:
D:11 [

Annotations:
D:3 2 transporters, Descartes's ghost, amateur VSTm


Innate Abilities, Weirdness & Mutations

Your natural rate of healing is unusually fast.
You have razor-sharp teeth.
You have supernaturally acute eyesight. (SInv)
You can survive without breathing.
You are very agile. (Dex +4)


Message History

The two-headed ogre is severely wounded.
Unknown command.
Okay, then.
Okay, then.
You hit the two-headed ogre but do no damage.
The two-headed ogre is severely wounded.
The wall freezes the two-headed ogre!
The two-headed ogre hits you with a +0 giant club!
* * * LOW HITPOINT WARNING * * *
The two-headed ogre hits you but does no damage.
Unknown command.
Unknown command.
Unknown command.
Okay, then.
Okay, then.
Your icy armour and frozen ramparts will break if you move.
Continue?
Your icy armour cracks and falls away as you move.
The frozen ramparts melt away as you move.
The two-headed ogre hits you with a +0 giant club!!
You die...

###########.# #...........#
.. #.########### #.# #.# ..
#.# #########
##.##############.###........
...................>.######.
##.#########.#.#.##.........
#........O@.#.#.##...####..
#..####.....#.#.#.......#
#..# #.....#.#.#.##.##.#
.......).....#.#....<....#
#.............#.###.#...###
#....$........#.#...........
#.............#.#.#..........
#.........###.# #.###########
.........## .# #


You could see a two-headed ogre.

Vanquished Creatures
  Pikel (D:5)
  Maurice (D:9)
  A komodo dragon (D:8)
  2 wyverns
  A soldier ant (D:7)
  A water moccasin (D:6)
  An orc warrior (D:9)
  A sky beast (D:5)
  An eye of draining (D:9)
  An ice beast (D:9)
  2 phantoms
  2 ogres
  2 lemures (D:5)
  3 centaurs
  3 bullfrogs
  6 scorpions
  6 killer bees (D:9)
  2 wights (D:11)
  A howler monkey (D:7)
  A centaur zombie (D:9)
  A bullfrog zombie (D:6)
  A quasit (D:9)
  5 hounds
  An orc priest (D:8)
  2 orc wizards
  2 bullfrog skeletons
  14 worker ants
  A killer bee zombie (D:7)
  A hound skeleton (D:7)
  A worker ant zombie (D:8)
  4 gnolls
  A howler monkey skeleton (D:5)
  8 adders
  3 shadow imps
  3 ufetubi
  An ooze (D:1)
  2 adder skeletons
  An adder zombie (D:8)
  6 worms
  4 dart slugs
  5 leopard geckos
  26 orcs
  A ball python (D:4)
  7 bats
  7 giant cockroaches
  10 goblins
  6 hobgoblins
  4 jackals (D:1)
  5 kobolds
  7 quokkas
  10 frilled lizards
  A giant cockroach zombie (D:5)
  2 jackal skeletons
  A leopard gecko skeleton (D:4)
  A quokka zombie (D:6)
  8 rats
  2 butterflies (D:7)
204 creatures vanquished.

Vanquished Creatures (others)
  15 plants
15 creatures vanquished.

Grand Total: 219 creatures vanquished

Notes
Turn   | Place    | Note
-------+----------+-------------------------------------------
     0 | D:1      | Amplified the Vampire Ice Elementalist began the quest for
                  | the Orb.
     0 | D:1      | Reached XP level 1. HP: 13/13 MP: 3/3
   119 | D:1      | Reached XP level 2. HP: 20/20 MP: 0/5
   639 | D:1      | Reached skill level 1 in Fighting
   653 | D:1      | Reached XP level 3. HP: 23/26 MP: 0/6
   657 | D:1      | Learned a level 3 spell: Frozen Ramparts
   905 | D:1      | You fall into a shaft and drop 1 floor!
   960 | D:2      | Reached skill level 4 in Stealth
  1284 | D:2      | Reached XP level 4. HP: 32/32 MP: 3/7
  1828 | D:2      | Found a glowing golden altar of the Shining One.
  1861 | D:2      | Found a white marble altar of Elyvilon.
  1863 | D:2      | Found a broken altar of Ashenzari.
  1865 | D:2      | Found a blossoming altar of Fedhas.
  2110 | D:3      | Found a transporter.
  2223 | D:3      | Reached XP level 5. HP: 38/38 MP: 9/9
  2260 | D:3      | Reached skill level 5 in Stealth
  2383 | D:3      | Found a transporter.
  2383 | D:3      | Noticed Descartes's ghost (amateur VSTm)
  2977 | D:3      | Learned a level 3 spell: Ozocubu's Armour
  3542 | D:4      | Reached XP level 6. HP: 38/46 MP: 6/10
  3744 | D:4      | Reached skill level 5 in Ice Magic
  3854 | D:4      | Reached skill level 6 in Stealth
  4106 | D:4      | You fall into a shaft and drop 3 floors!
  4113 | D:7      | Gained mutation: You are agile. (Dex +2) [potion of
                  | mutation]
  4113 | D:7      | Gained mutation: You are very agile. (Dex +4) [potion of
                  | mutation]
  4415 | D:7      | Found a faded altar of an unknown god.
  4415 | D:7      | Found a burning altar of Makhleb.
  4421 | D:7      | Found a hide-covered altar of Uskayaw.
  4423 | D:7      | Became a worshipper of Makhleb the Destroyer
  4427 | D:7      | Found a stormy altar of Qazlal.
  4429 | D:7      | Found a faded altar of an unknown god.
  4530 | D:7      | Found a runed translucent door.
  4532 | D:7      | Found a runed translucent door.
  4532 | D:7      | Noticed a soldier ant
  4593 | D:6      | Reached XP level 7. HP: 52/52 MP: 10/12
  4656 | D:5      | Entered Level 5 of the Dungeon
  4794 | D:5      | Noticed Pikel
  4811 | D:6      | Reached skill level 7 in Stealth
  4921 | D:5      | Found a staircase to the Ecumenical Temple.
  5542 | D:5      | Reached XP level 8. HP: 60/60 MP: 14/14
  5570 | D:5      | Killed Pikel
  5571 | D:5      | Reached skill level 8 in Stealth
  5571 | D:5      | Reached skill level 5 in Spellcasting
  6263 | D:6      | Reached skill level 9 in Stealth
  6511 | D:6      | Reached skill level 5 in Fighting
  6986 | D:7      | Reached * piety under Makhleb
  7303 | D:7      | Reached XP level 9. HP: 68/68 MP: 17/17
  7447 | D:8      | Reached skill level 10 in Stealth
  7670 | D:8      | Found a glowing silver altar of Zin.
  7952 | D:8      | You fall into a shaft and drop 3 floors!
  7980 | D:11     | Noticed a green ugly thing
  8044 | D:11     | Found Cegoo's Armour Shoppe.
  8059 | D:11     | Reached ** piety under Makhleb
  8232 | D:11     | Bought a +1 robe of positive energy for 126 gold pieces
  8257 | D:10     | Entered Level 10 of the Dungeon
  8679 | D:8      | Found a staircase to the Lair.
  8680 | D:8      | Noticed a komodo dragon
  8854 | D:8      | Killed a komodo dragon
  9073 | D:9      | Reached skill level 11 in Stealth
  9173 | D:9      | HP: 5/105 [poisoned by a killer bee]
  9178 | D:9      | HP: 3/105 [poisoned by a killer bee]
  9184 | D:9      | HP: 2/105 [poisoned by a killer bee]
  9189 | D:9      | HP: 3/105 [poisoned by a killer bee]
  9196 | D:9      | HP: 2/70 [poisoned by a killer bee]
  9364 | D:9      | Found a shadowy altar of Dithmenos.
  9367 | D:9      | Found a hazy altar of Hepliaklqana.
  9442 | D:9      | Learned a level 5 spell: Silence
  9520 | D:9      | Reached skill level 1 in Hexes
  9611 | D:9      | Learned a level 4 spell: Cause Fear
  9632 | D:9      | Reached XP level 10. HP: 77/77 MP: 20/20
  9831 | D:9      | Noticed Maurice
  9851 | D:9      | Killed Maurice
 10221 | D:10     | Noticed a two-headed ogre
 10259 | D:10     | Mangled by a two-headed ogre

Illustrated notes

Levels and vault maps discovered:
D:1:      dpeg_arrival_tiny_a, layout_rooms, kennysheep_another_room,
          dk_noncrumbling_4, minmay_misc_feat_more_columns,
          serial_park_tiny_pond, minmay_misc_feat_iff
D:2:      layout_basic, grunt_temple_overflow_diamond, tso_altar
D:3:      layout_basic, gammafunk_ghost_mausoleum
D:4:      layout_loops_cross, serial_forest, infiniplex_forest_clump_tiny,
          infiniplex_forest_corner_1, infiniplex_forest_lined_room_2,
          infiniplex_forest_lined_room_, infiniplex_forest_end_1,
          infiniplex_forest_lined_4_way, infiniplex_forest_zigzag_1
D:5:      layout_loops_ring, minmay_temple_entry_ruins, uniq_pikel
D:6:      layout_basic
D:7:      lemuel_insect_pit, layout_rooms, chequers_temple_overflow_minitemple
D:8:      layout_basic, david_lair_shrubbed, basic_altar
D:9:      layout_irregular_city, riverfiend_overflow_shadow_ancestor,
          uniq_maurice
D:10:     layout_basic, david_orc_2
D:11:     layout_basic, biasface_ghost_orc_armoury, serial_shops,
          kennysheep_mini_moat, shop, shop, nicolae_shop_behind_doors

Skill      XL: |  1  2  3  4  5  6  7  8  9 10 |
---------------+-------------------------------+-----
Fighting       | 1 2 3 4 5 6 |  6.6
Stealth        | 4 5 6 7 9 11 | 11.7
Spellcasting   | 3 4 5 6 7 |  7.1
Ice Magic      | 5 6 7 8 |  8.2
Hexes          | 1 2 |  2.8
Dodging        | |  2.1

Action                   |  1- 3 |  4- 6 |  7- 9 | 10-12 || total
-------------------------+-------+-------+-------+-------++-------
Melee: Unarmed           |     7 |       |       |       ||     7
       Dagger            |    41 |   171 |   281 |    20 ||   513
       Bite              |     6 |     7 |    33 |     2 ||    48
Throw: Dart              |     1 |       |     4 |     8 ||    13
 Cast: Freeze            |    45 |    15 |     3 |       ||    63
       Frozen Ramparts   |     4 |    23 |    21 |     3 ||    51
       Ozocubu's Armour  |       |     1 |     6 |     1 ||     8
Evoke: Wand              |       |       |    10 |       ||    10
  Use: Scroll            |     5 |     6 |     8 |     1 ||    20
       Potion            |       |     2 |     9 |       ||    11
 Stab: Sleeping          |       |     7 |    29 |     2 ||    38
       Paralysed         |       |       |     2 |       ||     2
       Distracted        |       |       |     1 |       ||     1
Armor: Robe              |     7 |    35 |    45 |     8 ||    95
       Skin              |       |       |     7 |       ||     7
Dodge: Dodged            |    48 |    93 |   174 |    21 ||   336
